 Dungeon Crawl Stone Soup version 0.21.1-1-g345015f (webtiles) character file.

5497 wilfster70 the Carver (level 10, -1/83 HPs)
             Began as a Demonspawn Berserker on June 21, 2018.
             Was an Elder of Trog.
             Killed by divine providence
             ... invoked by an orc priest
              (12 damage)
             ... on level 9 of the Dungeon.
             The game lasted 00:33:38 (8728 turns).

wilfster70 the Carver (Demonspawn Berserker)        Turns: 8728, Time: 00:33:38

Health: -1/83      AC: 17    Str: 17    XL:     10   Next: 42%
Magic:  0/10       EV:  8    Int: 10    God:    Trog [****..]
Gold:   412        SH:  8    Dex: 15    Spells: 9/9 levels left

rFire    . . .     SeeInvis .   a - +1 falchion
rCold    . . .     Gourm    .   x - +3 buckler
rNeg     . . .     Faith    .   y - +0 chain mail
rPois    +         Spirit   +   (helmet unavailable)
rElec    .         Reflect  .   (no cloak)
rCorr    +         Harm     .   (no gloves)
MR       ++...                  (no boots)
Stlth    ..........             g - amulet of guardian spirit
HPRegen  1.23/turn              k - ring of resist corrosion
MPRegen  0.12/turn              q - ring of poison resistance

@: sanguine armour, berserk cooldown, regenerating, slowed, very slow
A: horns 3, demonic guardian 1, powered by death 1, sanguine armour 2
a: Berserk, Trog's Hand, Brothers in Arms, Burn Spellbooks, Renounce Religion


You were on level 9 of the Dungeon.
You worshipped Trog.
Trog was greatly pleased with you.
You were near starving.

You visited 1 branch of the dungeon, and saw 10 of its levels.

You collected 412 gold pieces.

Inventory:

Hand Weapons
 a - a +1 falchion (weapon)
 b - a +0 hunting sling
Missiles
 e - 338 stones
 t - 5 poisoned javelins (quivered)
 A - 4 poisoned tomahawks
Armour
 f - a +0 plate armour
 s - a +0 scale mail
 x - a +3 buckler (worn)
 y - a +0 chain mail (worn)
Jewellery
 g - an amulet of guardian spirit (around neck)
 k - a ring of resist corrosion (left hand)
 q - a ring of poison resistance (right hand)
Wands
 i - a wand of acid (9)
 l - a wand of paralysis (16)
 r - a wand of iceblast (4)
Scrolls
 h - 5 scrolls of identify
 j - 7 scrolls of teleportation
 n - 8 scrolls of remove curse
 z - 2 scrolls of magic mapping
 D - 2 scrolls of enchant weapon
Potions
 d - a potion of might
 m - 2 potions of mutation
 o - 2 potions of curing
 p - 2 potions of brilliance
 u - a potion of ambrosia
 v - 3 potions of lignification
 w - 2 potions of berserk rage
 B - a potion of cancellation {unknown}
 C - a potion of flight {unknown}
Comestibles
 c - 15 rations


   Skills:
 + Level 9.1 Fighting
 * Level 11.3 Long Blades
 - Level 2.1 Armour
 - Level 2.1 Dodging
 - Level 4.0 Shields


You had 9 spell levels left.
You didn't know any spells.

Dungeon Overview and Level Annotations

Branches:
Dungeon (10/15)            Temple (0/1) D:7            Lair (0/6) D:8
    Orc: D:9-12

Altars:
Elyvilon
Fedhas
Hepliaklqana
Makhleb
Nemelex Xobeh
Ru
Sif Muna
Zin
The Shining One


Innate Abilities, Weirdness & Mutations

You have a pair of large horns on your head.
A weak demonic guardian rushes to your aid.
You regenerate a little health from kills.
When seriously injured, your bleeding wounds create thick armour. (AC +9)


Message History

Trog accepts your kill. Something hits you.
* * * LOW HITPOINT WARNING * * *
Something hits you.
* * * LOW HITPOINT WARNING * * *
Something hits you but does no damage. You block something's attack.
You climb upwards.
A crimson imp comes into view.
The worker ant bites you but does no damage.
The hippogriff bites you.
* * * LOW HITPOINT WARNING * * *
The hippogriff pecks you but does no damage.
The hippogriff claws you but does no damage.
The orc hits you but does no damage. x2
The orc wizard casts a spell.
The orc wizard flickers and vanishes!
The orc priest calls down the wrath of Beogh upon you.
Beogh smites you!
You die...

#..........
#.........#
#.........#
#.........#
#.....{...#
#......5o.#
#.........# .#
#......oa.#########.#
#......@H...........#
#...††..o...........#
#...................#
#................>..#
#...................#
#...................#
#...................#
#...................#
#...................#


You could see a hippogriff, a worker ant, an orc priest, a crimson imp and 2
orcs.

Vanquished Creatures
  A two-headed ogre (D:8)
  An elephant (D:8)
  A manticore (D:9)
  2 hippogriffs
  2 basilisks (D:8)
  Grum (D:9)
  A hungry ghost (D:7)
  2 water moccasins
  5 orc warriors
  A black bear (D:7)
  2 sky beasts
  2 ogres (D:5)
  4 wolves (D:9)
  A centaur (D:9)
  A big kobold (D:8)
  2 bullfrogs
  3 scorpions
  2 howler monkeys
  A bullfrog zombie (D:7)
  7 hounds
  A jelly (D:9)
  A centaur skeleton (D:9)
  6 orc priests
  8 orc wizards
  4 iguanas
  8 worker ants
  A howler monkey zombie (D:8)
  3 gnolls (D:8)
  6 adders
  A shadow imp (D:8)
  An ooze (D:4)
  An adder skeleton (D:4)
  2 dart slugs (D:2)
  7 leopard geckos
  34 orcs
  8 bats
  6 giant cockroaches
  7 goblins
  3 hobgoblins
  2 jackals (D:3)
  14 kobolds
  3 quokkas
  6 frilled lizards
  11 rats
186 creatures vanquished.

Vanquished Creatures (collateral kills)
  A phantom (D:4)
  A necrophage (D:6)
  A centaur (D:5)
  2 bullfrogs
  A worker ant (D:3)
  2 orcs (D:9)
  A butterfly (D:7)
9 creatures vanquished.

Grand Total: 195 creatures vanquished

Notes
Turn   | Place    | Note
-------+----------+-------------------------------------------
     0 | D:1      | wilfster70 the Demonspawn Berserker began the quest for the Orb.
     0 | D:1      | Reached XP level 1. HP: 18/18 MP: 1/1
   112 | D:1      | Gained mutation: You regenerate a little health from kills. [demonic ancestry]
   112 | D:1      | Reached XP level 2. HP: 4/24 MP: 2/2
   524 | D:1      | Reached skill level 3 in Long Blades
   665 | D:1      | Found a glowing golden altar of the Shining One.
  1084 | D:1      | Reached ** piety under Trog
  1392 | D:2      | Gained mutation: A weak demonic guardian rushes to your aid. [demonic ancestry]
  1392 | D:2      | Reached XP level 3. HP: 19/29 MP: 3/3
  1969 | D:2      | Found a burning altar of Makhleb.
  2519 | D:3      | You fall through a shaft for 3 floors!
  2525 | D:5      | Entered Level 5 of the Dungeon
  2549 | D:5      | Noticed a water moccasin
  2557 | D:5      | Killed a water moccasin
  2557 | D:5      | Reached skill level 4 in Long Blades
  2557 | D:5      | Reached skill level 1 in Shields
  2557 | D:5      | Reached XP level 4. HP: 37/37 MP: 4/4
  2557 | D:5      | Gained mutation: You have a pair of small horns on your head. [demonic ancestry]
  2557 | D:5      | Reached XP level 5. HP: 42/42 MP: 5/5
  2784 | D:5      | Reached XP level 6. HP: 40/48 MP: 6/6
  2955 | D:5      | Reached skill level 5 in Long Blades
  3220 | D:4      | Gained mutation: When seriously injured, your bleeding wounds create armour. (AC +9) [demonic ancestry]
  3220 | D:4      | Reached XP level 7. HP: 53/55 MP: 7/7
  3367 | D:4      | Found a sparkling altar of Nemelex Xobeh.
  4036 | D:4      | Found a sacrificial altar of Ru.
  4218 | D:4      | Reached skill level 5 in Fighting
  4247 | D:4      | Reached *** piety under Trog
  4271 | D:4      | Reached skill level 6 in Long Blades
  5273 | D:6      | Received a gift from Trog
  5344 | D:6      | Gained mutation: When seriously injured, your bleeding wounds create thick armour. (AC +9) [demonic ancestry]
  5344 | D:6      | Reached XP level 8. HP: 63/63 MP: 8/8
  5530 | D:6      | Found a hazy altar of Hepliaklqana.
  5678 | D:6      | Reached skill level 7 in Long Blades
  6181 | D:7      | Reached skill level 8 in Long Blades
  6414 | D:7      | Noticed a hippogriff
  6434 | D:7      | Killed a hippogriff
  6434 | D:7      | Gained mutation: You have a pair of horns on your head. [demonic ancestry]
  6434 | D:7      | Reached XP level 9. HP: 42/70 MP: 5/9
  6577 | D:7      | Found a staircase to the Ecumenical Temple.
  6714 | D:7      | Reached **** piety under Trog
  7258 | D:8      | Noticed a two-headed ogre
  7276 | D:8      | Killed a two-headed ogre
  7276 | D:8      | Reached skill level 9 in Long Blades
  7355 | D:8      | Reached skill level 10 in Long Blades
  7437 | D:8      | Found a staircase to the Lair.
  7438 | D:8      | Noticed an elephant
  7464 | D:8      | Killed an elephant
  7621 | D:8      | Found a white marble altar of Elyvilon.
  7771 | D:8      | Found a glowing silver altar of Zin.
  7781 | D:8      | Found a blossoming altar of Fedhas.
  7862 | D:8      | Gained mutation: You have a pair of large horns on your head. [demonic ancestry]
  7862 | D:8      | Reached XP level 10. HP: 81/81 MP: 10/10
  8038 | D:9      | Found a deep blue altar of Sif Muna.
  8364 | D:9      | Noticed a manticore
  8374 | D:9      | Killed a manticore
  8409 | D:9      | Noticed Grum
  8417 | D:9      | Killed Grum
  8417 | D:9      | Reached skill level 11 in Long Blades
  8429 | D:9      | HP: 3/82 [orc warrior/battleaxe of chopping (3)]
  8723 | D:10     | Entered Level 10 of the Dungeon
  8728 | D:9      | Killed from afar by an orc priest

Skill      XL: |  1  2  3  4  5  6  7  8  9 10 |
---------------+-------------------------------+-----
Armour         | 2 |  2.1
Dodging        | 2 |  2.1
Long Blades    | 3 4 5 6 8 10 11 | 11.3
Fighting       | 4 5 6 8 9 |  9.1
Shields        | 1 2 3 4 |  4.0

Action                   |  1- 3 |  4- 6 |  7- 9 | 10-12 || total
-------------------------+-------+-------+-------+-------++-------
Melee: Falchion          |   119 |    83 |   330 |   119 ||   651
       Headbutt          |       |    21 |    81 |    32 ||   134
Throw: Stone             |     2 |       |       |       ||     2
Invok: Berserk           |     2 |     2 |    17 |     4 ||    25
       Trog's Hand       |       |     1 |     1 |     2 ||     4
       Burn Spellbooks   |       |       |     1 |       ||     1
  Use: Scroll            |       |     5 |    17 |     1 ||    23
       Potion            |       |       |       |     1 ||     1
 Stab: Distracted        |       |       |     2 |       ||     2
  Eat: Chunk             |     6 |     2 |    27 |     7 ||    42
       Ration            |       |     1 |     1 |       ||     2
Armor: Animal skin       |    14 |       |       |       ||    14
       Ring mail         |    40 |    18 |    24 |       ||    82
       Scale mail        |       |       |    28 |       ||    28
       Chain mail        |       |       |    52 |    47 ||    99
Dodge: Dodged            |    83 |    35 |   104 |    31 ||   253
Block: Buckler           |     1 |    26 |   111 |    34 ||   172
       Rpst.: Falchion   |    28 |    10 |    29 |     7 ||    74
